 Dungeon Crawl Stone Soup version 0.30.1-9-gdf580d7c3d (webtiles) character file.

Game seed: 3703745970353019006

145 jagang the Trooper (level 5, -3/42 HPs)
             Began as a Human Berserker on Sept 27, 2023.
             Was a Believer of Trog.
             Killed from afar by an orc wizard (10 damage)
             ... with a magic dart
             ... on level 3 of the Dungeon.
             The game lasted 00:07:35 (2268 turns).

jagang the Trooper (Human Berserker)                Turns: 2268, Time: 00:07:37

Health: -3/42      AC: 13    Str: 20    XL:     5   Next: 53%
Magic:  5/5        EV:  7    Int:  7    God:    Trog [**....]
Gold:   144        SH:  9    Dex: 12    Spells: 4/4 levels left

rFire   . . .        a - +0 falchion
rCold   . . .        i - +2 kite shield
rNeg    . . .        n - +0 chain mail
rPois   .            (no helmet)
rElec   .            (no cloak)
rCorr   .            (no gloves)
SInv    .            (no boots)
Will    .....        l - amulet of faith Stlth
                     e - +4 ring of protection
HPRegen 0.27/turn    (no ring)
MPRegen 0.09/turn

%: faith
@: on berserk cooldown, slowed, very slow
A: no striking features
a: Renounce Religion, Berserk, Trog's Hand


You were on level 3 of the Dungeon.
You worshipped Trog.
Trog was pleased with you.
You visited 1 branch of the dungeon, and saw 3 of its levels.

You collected 144 gold pieces.

Inventory:

Hand Weapons
 a - a +0 falchion (weapon)
 h - a +2 dagger of holy wrath
Missiles
 m - 4 poisoned darts (quivered)
 r - 2 throwing nets
Armour
 i - a +2 kite shield (worn)
 n - a +0 chain mail (worn)
Jewellery
 e - a +4 ring of protection (left hand)
 l - an amulet of faith (around neck)
 q - an amulet of magic regeneration
Scrolls
 b - a scroll of magic mapping {unknown}
 c - a scroll of immolation {unknown}
 d - a scroll of noise {unknown}
 f - 5 scrolls of identify {unknown}
 g - 2 scrolls of fog {unknown}
 j - a scroll of teleportation {unknown}
 p - a scroll of enchant armour {unknown}
 s - a scroll of vulnerability {unknown}
Potions
 k - a potion of curing {unknown}
 o - a potion of degeneration {unknown}
 t - a potion of haste {unknown}
 u - a potion of invisibility {unknown}
 v - 2 potions of heal wounds {unknown}


   Skills:
 * Level 3.8 Fighting
 * Level 3.7 Long Blades
 + Level 0.7 Throwing
 * Level 3.1 Armour
 + Level 2.5 Dodging
 - Level 0.2 Stealth
 * Level 1.2 Shields


You had 4 spell levels left.
You didn't know any spells.
Your spell library contained the following spells:

 Spells                   Type           Power      Damage    Failure   Level
 Summon Small Mammal      Summ           0%         N/A       100%        1
 Call Canine Familiar     Summ           0%         N/A       100%        3
 Summon Guardian Golem    Hex/Summ       0%         N/A       100%        3


Dungeon Overview and Level Annotations

Branches:
Dungeon (3/15)

Altars:


Message History

The orc priest is almost dead.
The orc priest barely misses you.
The orc wizard gestures wildly while chanting.
The orc wizard flickers and vanishes!
Deactivating autopickup; reactivate with Ctrl-A.
You closely miss the orc priest.
The orc priest is almost dead.
The orc priest mumbles some strange prayers to Beogh against you.
Beogh smites you!
* * * LOW HITPOINT WARNING * * *
You barely miss the orc priest.
The orc priest is almost dead.
The orc priest looks satisfied for a moment.
You slash the orc priest!
You kill the orc priest!
Trog accepts your kill.
You completely miss something. You hit something. Something hits you.
* * * LOW HITPOINT WARNING * * *
You miss something. You block something's attack.
You barely miss something. Something hits you but does no damage.
You closely miss something.
You hear some strange, mumbled words.
Something tries to affect you, but you resist.
You miss something.
You hear some strange, mumbled words.
Something tries to affect you, but you resist.
You closely miss something.
You are no longer berserk.
You are exhausted.
You feel yourself slow down. Something hits you but does no damage.
You miss something. Something hits you but does no damage.
An orc comes into view. It is wielding a +0 short sword.
Something hits you but does no damage.
The orc shouts!
You hit something.
You hear some strange, mumbled words.
A magic dart appears from out of thin air!
The magic dart hits you!
You die...

#..### #.# ## #....# #.#
.. ##.#.# #.# ## ...#.#
#.# #####.# #.# # #.#
#.### . #####.###...## #
......##.....######.###
#
................@{....#
#
.#######.....######...o.
# ##...## ### #### ##.##
##########... ##.#
##.....†.....< #..#
##...#######.## #.##
######..#..# #.#< #.#
#...†...#...# #..# #.#
#.###[#.#..## ###.


You could see an orc.

Vanquished Creatures
  2 orc priests (D:3)
  2 adders
  3 dart slugs
  4 orcs (D:3)
  7 ball pythons
  2 bats (D:1)
  5 endoplasms
  A giant cockroach (D:1)
  5 goblins
  4 hobgoblins
  5 jackals
  3 quokkas (D:2)
  5 frilled lizards
  4 kobolds
  4 rats
56 creatures vanquished.

Notes
Turn   | Place    | Note
-------+----------+-------------------------------------------
     0 | D:1      | jagang the Human Berserker began the quest for the Orb.
     0 | D:1      | Reached XP level 1. HP: 18/18 MP: 1/1
   136 | D:1      | Reached XP level 2. HP: 15/24 MP: 2/2
   696 | D:1      | Reached XP level 3. HP: 29/29 MP: 3/3
  1226 | D:2      | Found a faded altar of an unknown god.
  1580 | D:2      | Reached XP level 4. HP: 35/35 MP: 4/4
  1632 | D:2      | Identified the +4 mace of Cheibriados's Pride {flame, rN+
                  | Int+3 Dex+3 Stlth-}
  1721 | D:3      | Reached ** piety under Trog
  2016 | D:3      | Reached skill level 1 in Shields
  2016 | D:3      | Reached XP level 5. HP: 14/42 MP: 5/5
  2268 | D:3      | Killed from afar by an orc wizard

Illustrated notes

Levels and vault maps discovered:
D:1:      dpeg_arrival_arbitrary_c, layout_basic, serial_aquarium,
          aquarium_bridge_straight [aquarium_subvault_bridge,
          aquarium_subvault_balcony, aquarium_subvault_bridge,
          aquarium_subvault_window], aquarium_bridge_square
          [aquarium_subvault_wall, aquarium_subvault_bridge,
          aquarium_subvault_bridge, aquarium_subvault_wall], aquarium_window_1,
          aquarium_window_1, aquarium_window_3, aquarium_window_fake,
          aquarium_view_2e, aquarium_view_2b
D:2:      layout_loops_ring, hellmonk_ecumenical_altar_leap_of_faith
D:3:      layout_loops_ring, ebering_ghost_gozag, minmay_cut_off

Skill      XL: |  1  2  3  4  5 |
---------------+----------------+-----
Shields        | 1 |  1.2
Armour         | 3 |  3.1
Fighting       | |  3.8
Long Blades    | |  3.7
Throwing       | |  0.7
Dodging        | |  2.5
Stealth        | |  0.2

Action                     |  1- 3 |  4- 6 || total
---------------------------+-------+-------++-------
  Melee: Falchion          |   118 |    95 ||   213
         Punch             |     1 |       ||     1
 Invoke: Trog's Hand       |       |     1 ||     1
         Berserk           |       |     1 ||     1
   Stab: Sleeping          |     1 |       ||     1
 Armour: Animal skin       |    30 |       ||    30
         Chain mail        |     2 |    30 ||    32
  Dodge: Dodged            |    65 |    29 ||    94
  Block: Kite shield       |    42 |    34 ||    76
